Map: Zen LE

Players

lllIllllIlll - Winner!

  • Race: Terran Terran
  • League: Master
  • Spawn Location: 7:00

Erik

  • Race: Zerg Zerg
  • League: Grandmaster
  • Spawn Location: 1:00

VOD

Have the link to the VOD?

Description

Time

  • Played on: April 8, 2020, 12:11 p.m.
  • Length: 12:01
Show
View Real Time Build Order
Export as new Build Order

lllIllllIlll Terran - Winner!

Build Orders: Reaper Expand, Hellion Banshee 

Get SALT Encoding   

  12  0:00  SCV  
  13  0:12  SCV  
  14  0:18  Supply Depot  
  14  0:24  SCV  
  15  0:40  SCV  
  15  0:42  Barracks  
  16  0:44  Refinery  
  16  0:52  SCV  
  17  1:04  SCV  
  18  1:16  SCV  
  19  1:28  Orbital Command, Reaper  
  20  1:41  Command Center  
  20  1:49  Supply Depot  
  20  1:54  SCV  
  21  2:00  Marine  
  22  2:06  SCV  
  23  2:10  Factory  
  23  2:18  SCV  
  24  2:24  Barracks Reactor  
  24  2:30  SCV  
  25  2:42  SCV  
  26  2:54  SCV  
  26  2:57  Command Center  
  26  3:06  SCV  
  26  3:08  Starport  
  27  3:14  Orbital Command  
  27  3:15  Refinery  
  27  3:18  SCV  
  28  3:23  Barracks Tech Lab  
  28  3:25  Hellion  
  30  3:28  Hellion  
  30  3:31  SCV  
  33  3:39  SCV  
  34  3:43  SCV  
  34  3:47  Hellion  
  37  3:49  Hellion  
  37  3:51  SCV  
  37  3:54  Banshee  
  37  3:55  SCV  
  44  3:57  Marine  
  44  4:00  Cloaking Field  
  45  4:03  SCV  
  45  4:09  SCV  
  47  4:10  Orbital Command  
  47  4:15  Hellion x2  
  51  4:18  Barracks Tech Lab  
  51  4:19  SCV  
  51  4:21  SCV  
  53  4:24  Supply Depot  
  53  4:31  SCV  
  54  4:33  SCV  
  54  4:37  Banshee  
  58  4:42  Stimpack  
  58  4:43  SCV  
  58  4:45  SCV  
  60  4:48  Barracks  
  60  4:51  Barracks  
  60  4:52  Orbital Command  
  60  4:53  Factory Reactor  
  60  4:55  SCV  
  60  4:56  Supply Depot  
  60  4:57  Marine, SCV  
  60  4:58  Refinery x2  
  63  5:07  SCV  
  63  5:09  Engineering Bay, SCV  
  63  5:10  Engineering Bay  
  65  5:15  Marine  
  65  5:19  SCV  
  67  5:21  SCV  
  55  5:31  SCV  
  55  5:32  SCV  
  55  5:33  Marine, SCV  
  55  5:35  Starport Reactor, Supply Depot  
  59  5:38  Terran Infantry Weapons Level 1, Terran Infantry Armor Level 1  
  59  5:41  Marine x2  
  61  5:43  Barracks, SCV  
  61  5:44  SCV  
  61  5:46  SCV  
  61  5:47  Siege Tank  
  61  5:48  Barracks  
  67  5:51  Marine x2  
  67  5:55  Marine, SCV  
  67  5:56  SCV  
  72  5:59  Marine  
  73  6:07  SCV  
  73  6:08  Marine, SCV  
  73  6:09  Marine x2  
  78  6:13  Marine  
  78  6:16  Marine  
  78  6:18  Medivac x2  
  82  6:20  SCV  
  82  6:22  Supply Depot  
  82  6:25  SCV x2, Siege Tank  
  90  6:27  Marine x2  
  90  6:28  Supply Depot  
  90  6:29  Combat Shield, Supply Depot  
  90  6:31  Barracks Reactor  
  92  6:33  SCV  
  92  6:34  Barracks Reactor  
  93  6:43  Marine x3, SCV x2  
  93  6:45  Marine, SCV  
  93  6:46  Marine  
  101  6:51  Supply Depot  
  101  6:52  Supply Depot  
  101  6:55  SCV  
  101  6:57  Refinery  
  101  6:58  SCV x2  
  101  6:59  Factory  
  101  7:00  Armory  
  101  7:01  Marine x3  
  104  7:03  Marine  
  104  7:04  Marine  
  104  7:08  SCV  
  110  7:10  SCV  
  110  7:11  SCV  
  110  7:15  Widow Mine  
  114  7:18  Supply Depot  
  114  7:19  Supply Depot, Marine x7  
  114  7:21  Marine  
  122  7:34  Marine  
  122  7:36  Marine x2  
  123  7:37  Command Center  
  123  7:39  Marine  
  123  7:40  Supply Depot, Marine x5  
  131  7:52  Missile Turret  
  131  7:53  Missile Turret  
  131  7:54  Missile Turret  
  131  7:55  Factory Reactor  
  121  7:58  Marine x2  
  121  7:59  Marine  
  121  8:00  Medivac x2  
  121  8:02  Marine x2, Widow Mine  
  121  8:03  Marine x4  
  133  8:06  Terran Infantry Weapons Level 2  
  133  8:09  Terran Infantry Armor Level 2  
  133  8:12  Terran Vehicle And Ship Armor Level 1  
  133  8:16  Marine x2  
  133  8:17  Marine  
  136  8:20  Marine x2  
  136  8:21  Marine x4  
  137  8:33  Thor  
  137  8:34  Marine x2  
  137  8:35  Marine  
  137  8:38  Marine x2  
  137  8:39  Marine  
  137  8:40  Widow Mine  
  137  8:41  Widow Mine  
  147  8:42  Marauder  
  147  8:48  Medivac x2  
  148  8:52  Marine x4  
  150  8:56  SCV x3  
  150  9:03  Marauder  
  150  9:08  SCV x3, Widow Mine  
  150  9:09  Widow Mine  
  157  9:16  Thor  
  160  9:18  Medivac x2  
  160  9:20  SCV x3  
  160  9:21  Marine x2  
  160  9:24  Supply Depot, Marine, Missile Turret  
  159  9:25  Marine, Marauder  
  163  9:32  Marine x3  
  163  9:36  Planetary Fortress  
  165  9:39  Marine x3  
  165  9:41  Widow Mine x2  
  165  9:45  Marine  
  173  9:48  Supply Depot  
  173  9:49  Supply Depot, Marauder  
  175  9:54  Marine x3  
  175  9:55  Marine  
  177  10:00  Factory Tech Lab  
  177  10:07  SCV x3  
  178  10:09  Marine  
  178  10:10  Marauder  
  178  10:14  Marine x2  
  180  10:15  Marine, SCV, Widow Mine x2  
  180  10:23  Marine, SCV x2  
  180  10:24  Marine  
  164  10:29  Marine x3  
  164  10:30  Widow Mine  
  164  10:31  Medivac x2, Marine, Marauder  
  164  10:32  Marine x2  
  172  10:37  Widow Mine  
  172  10:39  Orbital Command  
  172  10:41  Marine x2  
  170  10:46  Marine  
  170  10:47  Marine x2  
  170  10:49  Marine  
  174  10:51  Marine x2  
  174  10:53  Marauder  
  171  10:59  Marine x2  
  171  11:03  Widow Mine x2  
  174  11:04  Marine x3  
  174  11:07  Marine  
  174  11:09  Marine x2  
  168  11:14  Marine, Missile Turret x2  
  168  11:15  SCV x2  
  168  11:17  Marine x2  
  170  11:18  SCV  
  170  11:21  SCV  
  170  11:22  Marine x3  
  170  11:25  Marine  
  165  11:26  Marine  
  165  11:27  Marine, SCV x2  
  165  11:30  SCV  
  165  11:31  Marine  
  149  11:35  Marine x2  
  149  11:39  Factory Tech Lab, SCV x2  
  145  11:40  Marine x3, SCV  
  145  11:41  Missile Turret  
  145  11:43  Marine, SCV  
  146  11:53  Missile Turret  
  146  11:54  Missile Turret  
Show
View Real Time Build Order
Export as new Build Order

Erik Zerg 

Build Orders: Hatch First, Muta Ling Bane 

Get SALT Encoding   

  12  0:01  Drone  
  13  0:08  Drone  
  14  0:15  Extractor, Drone  
  15  0:37  Hatchery  
  15  0:42  Extractor  
  13  0:43  Drone  
  13  0:49  Overlord  
  15  1:05  Spawning Pool  
  15  1:07  Drone  
  15  1:11  Drone  
  16  1:13  Drone  
  17  1:18  Drone  
  17  1:21  Extractor  
  17  1:29  Drone  
  18  1:40  Drone  
  19  1:51  Queen x2  
  19  1:53  Zergling x4  
  25  2:05  Overlord, Drone  
  26  2:11  Drone  
  27  2:22  Extractor  
  26  2:23  Drone x2  
  26  2:25  Drone  
  30  2:40  Hatchery, Metabolic Boost  
  29  2:46  Drone  
  29  2:48  Drone  
  30  3:00  Drone x6  
  30  3:04  Overlord  
  35  3:10  Extractor  
  35  3:11  Queen  
  36  3:19  Overlord  
  37  3:24  Drone x3  
  40  3:32  Zergling x4  
  40  3:33  Drone  
  43  3:35  Drone  
  43  3:39  Drone  
  43  3:40  Overlord  
  45  3:49  Zergling x4  
  45  3:50  Queen  
  45  3:53  Drone  
  50  3:57  Queen  
  50  3:58  Drone  
  50  4:00  Extractor, Drone  
  53  4:04  Lair  
  53  4:05  Drone x4  
  53  4:06  Extractor  
  56  4:12  Overlord  
  56  4:14  Drone  
  56  4:16  Zergling x2  
  58  4:19  Extractor  
  58  4:24  Zergling x2, Overlord  
  57  4:25  Zergling x4  
  57  4:26  Drone x2  
  57  4:30  Queen  
  64  4:35  Spore Crawler  
  63  4:39  Drone x2, Spore Crawler x2  
  63  4:43  Drone  
  63  4:45  Drone x2  
  66  4:46  Drone  
  66  4:49  Drone  
  66  4:50  Drone  
  69  5:03  Spire, Drone x3  
  69  5:04  Drone  
  72  5:08  Baneling Nest  
  72  5:13  Overlord  
  67  5:23  Drone x8  
  67  5:26  Drone x2  
  73  5:29  Extractor  
  73  5:30  Extractor  
  73  5:33  Drone  
  72  5:38  Drone x4  
  72  5:41  Drone x4  
  80  5:44  Drone x3  
  83  5:50  Evolution Chamber x2  
  83  5:52  Centrifical Hooks  
  83  5:55  Overlord  
  81  6:00  Overseer  
  81  6:02  Overlord  
  76  6:10  Drone x8  
  81  6:17  Drone x6  
  83  6:24  Drone  
  83  6:25  Drone x2  
  86  6:31  Overlord  
  86  6:33  Mutalisk  
  86  6:39  Zerg Melee Weapons Level 1, Zerg Ground Armor Level 1  
  88  6:40  Mutalisk x2  
  92  6:49  Overlord, Mutalisk  
  92  6:50  Mutalisk x2  
  92  6:51  Pneumatized Carapace  
  98  6:58  Mutalisk x3  
  104  7:05  Baneling  
  104  7:06  Baneling x3  
  104  7:10  Overseer  
  104  7:11  Zergling x2  
  104  7:12  Zergling x8  
  109  7:22  Zergling x2  
  110  7:23  Zergling x6  
  110  7:24  Overlord  
  110  7:25  Overlord x3  
  110  7:27  Zerg Flyer Weapons Level 1  
  113  7:30  Hatchery  
  112  7:38  Baneling  
  112  7:39  Baneling x4, Overlord  
  112  7:51  Mutalisk x7  
  125  8:02  Mutalisk  
  126  8:09  Zergling x2  
  126  8:10  Zergling x24  
  138  8:17  Hatchery  
  131  8:33  Baneling  
  131  8:34  Baneling x16  
  125  8:36  Zergling x12  
  131  8:41  Mutalisk  
  131  8:42  Mutalisk x2  
  137  9:00  Zergling x12  
  137  9:21  Zergling x22  
  143  9:41  Hatchery, Mutalisk x4  
  143  9:44  Overlord x4  
  150  9:46  Baneling x4  
  150  9:47  Baneling x2  
  136  10:15  Mutalisk  
  136  10:16  Mutalisk x5  
  136  10:19  Zergling x14  
  139  10:33  Zergling x8  
  139  10:34  Zergling x2  
  142  10:41  Baneling x15  
  140  10:46  Baneling Nest  
  136  10:52  Overlord x4  
  107  11:13  Overseer x2  
  100  11:20  Zergling x2  
  100  11:21  Zergling x8  
  93  11:30  Zergling x2  
  82  11:43  Zergling x4  
  62  11:55  Spire  
  62  11:58  Hatchery  
Tags
 
Add a new tag
Caveats
  • Supply blocks, unpowered buildings, or Contaminate may cause inaccurate times.
  • Supply counts are checked every 10 seconds.